 Dungeon Crawl Stone Soup version 0.25-a0-353-ged6d54792d (webtiles) character file.

Game seed: 7811236503101650324, levelgen mode: classic

175 Borgoz the Chopper (level 5, -2/46 HPs)
             Began as a Minotaur Gladiator on Jan 3, 2020.
             Slain by an orc
             ... wielding a +0 club
              (6 damage)
             ... on level 2 of the Dungeon.
             The game lasted 00:02:01 (1970 turns).

Borgoz the Chopper (Minotaur Gladiator)             Turns: 1970, Time: 00:02:01

Health: -2/46      AC:  4    Str: 24    XL:     5   Next: 29%
Magic:  4/4        EV: 13    Int:  5    God:
Gold:   65         SH:  0    Dex: 12    Spells: 4/4 levels left

rFire    . . .     SeeInvis .   a - +0 war axe
rCold    . . .     Gourm    +   (no shield)
rNeg     . . .     Faith    .   b - +0 leather armour
rPois    .         Spirit   .   c - +0 hat
rElec    .         Reflect  .   q - +0 cloak
rCorr    .         Harm     .   (no gloves)
MR       .....                  (no boots)
Stlth    ++........             m - amulet of the gourmand
HPRegen  0.15/turn              h - +5 ring of strength
MPRegen  0.09/turn              l - ring of stealth

@: no status effects
A: retaliatory headbutt, horns 2
a: no special abilities


You were on level 2 of the Dungeon.
You were not hungry.

You visited 1 branch of the dungeon, and saw 3 of its levels.

You collected 65 gold pieces.

Inventory:

Hand Weapons
 a - a +0 war axe (weapon)
Missiles
 d - 3 throwing nets (quivered)
Armour
 b - a +0 leather armour (worn)
 c - a +0 hat (worn)
 q - a +0 cloak (worn)
Jewellery
 h - a +5 ring of strength (left hand)
 l - a ring of stealth (right hand)
 m - an amulet of the gourmand (around neck)
Scrolls
 e - 2 scrolls of remove curse {unknown}
 i - 5 scrolls of identify {unknown}
 j - 3 scrolls of enchant weapon {unknown}
 n - a scroll of enchant armour {unknown}
Potions
 g - 2 potions of curing {unknown}
 k - a potion of haste {unknown}
 o - a potion of degeneration {unknown}
Comestibles
 f - 4 rations


   Skills:
 + Level 3.9 Fighting
 + Level 4.8 Axes
 - Level 2.0 Throwing
 + Level 2.9 Armour
 + Level 4.3 Dodging


You had 4 spell levels left.
You didn't know any spells.
Your spell library was empty.

Dungeon Overview and Level Annotations

Branches:
Dungeon (3/15)

Altars:
Nemelex Xobeh
Ru
Vehumet


Innate Abilities, Weirdness & Mutations

You reflexively headbutt those who attack you in melee.
You have a pair of horns on your head.


Message History

* * * LOW HITPOINT WARNING * * *
The orc hits you with a +0 dagger.
* * * LOW HITPOINT WARNING * * *
The orc priest enters a dispersal trap!
The orc blinks! x2
The orc priest blinks!
The adder blinks!
The orc blinks!
You blink.
The orc priest blinks!
Really walk into that dispersal trap?
Okay, then.
The adder enters a dispersal trap!
The orc blinks!
The orc priest blinks!
The orc blinks! x3; You blink.
The adder blinks!
The orc misses you.
There is a stone staircase leading up here.
The orc hits you with a +0 club.
* * * LOW HITPOINT WARNING * * *
You climb upwards.
There is a stone staircase leading down here.
You hit the orc.
The orc is almost dead.
The orc hits you with a +0 club.
You die...

##.####...## ##....#.#
#.........# ####.....#.#
##.........#####....##.##.#
.#...........##.....##.#..#
.#...................#.#.##
.......>...............#.#
.........................#
.................o....#.##
................@.....#.#
......................#.#
...###................#.#
.....#............<..##.#
##...##......##.....###.####
##........#########.......#
##........# #.......#
##.......#### #.......#
#..........#####.......#


You could see an orc.

Vanquished Creatures
  An orc wizard (D:2)
  An orc priest (D:3)
  Crazy Yiuf (D:2)
  3 adders (D:2)
  2 worms (D:2)
  4 dart slugs
  A leopard gecko (D:2)
  3 giant cockroaches
  5 goblins
  4 hobgoblins
  6 jackals
  2 quokkas (D:2)
  6 bats
  2 frilled lizards (D:2)
  3 kobolds
  7 rats
  2 fungi (D:2)
53 creatures vanquished.

Notes
Turn   | Place    | Note
-------+----------+-------------------------------------------
     0 | D:1      | Borgoz the Minotaur Gladiator began the quest for the Orb.
     0 | D:1      | Reached XP level 1. HP: 18/18 MP: 0/0
   136 | D:1      | Reached XP level 2. HP: 25/25 MP: 1/1
   311 | D:1      | Reached skill level 1 in Armour
   735 | D:2      | Reached XP level 3. HP: 18/31 MP: 2/2
  1131 | D:2      | Found a sparkling altar of Nemelex Xobeh.
  1187 | D:2      | Reached XP level 4. HP: 29/38 MP: 3/3
  1501 | D:2      | Found a sacrificial altar of Ru.
  1577 | D:2      | Found a radiant altar of Vehumet.
  1729 | D:2      | Found a runed translucent door.
  1730 | D:2      | Noticed Crazy Yiuf
  1739 | D:2      | Killed Crazy Yiuf
  1739 | D:2      | Reached XP level 5. HP: 18/46 MP: 4/4
  1970 | D:2      | Slain by an orc

Levels and vault maps discovered:
D:1:      minmay_arrival_hallway, layout_basic
D:2:      layout_rooms, nicolae_overflow_hidden_temple,
          lemuel_coloured_pillars_altar, nicolae_ru_great_annihilating_truth,
          minmay_cut_off, uniq_crazy_yiuf_cottage
D:3:      layout_loops_cross, old_standard_altar, first_ration,
          cheibrodos_sewer_entry_drain, hangedman_decor_growths

Skill      XL: |  1  2  3  4 |
---------------+-------------+-----
Armour         | 1 2 |  2.9
Axes           | 4 |  4.8
Fighting       | 3 |  3.9
Dodging        | 4 |  4.3
Throwing       | |  2.0

Action                   |  1- 3 |  4- 6 || total
-------------------------+-------+-------++-------
Melee: War axe           |    66 |    40 ||   106
       Headbutt          |    12 |    11 ||    23
 Stab: Paralysed         |       |     3 ||     3
       Invisible         |       |     1 ||     1
       Sleeping          |       |     1 ||     1
  Eat: Chunk             |     3 |     4 ||     7
Armor: Leather armour    |    12 |     4 ||    16
Dodge: Dodged            |    36 |    16 ||    52

Table legend:
 A = Non-vault XP
 B = Vault XP
 C = Vault XP percentage of total XP
 D = Non-vault monster count
 E = Vault monster count
 F = Vault count percentage of total count
                 A         B        C        D         E       F
            +---------+---------+-------+---------+---------+-------
      Total |     150 |     101 |  40.2 |      42 |       9 |  17.6
            +---------+---------+-------+---------+---------+-------
        D:1 |      38 |       0 |   0.0 |      19 |       0 |   0.0
        D:2 |      69 |     101 |  59.4 |      21 |       9 |  30.0
        D:3 |      43 |       0 |   0.0 |       2 |       0 |   0.0
            +---------+---------+-------+---------+---------+-------
